 Dungeon Crawl Stone Soup version 0.28.0-43-g3370ac3207 (webtiles) character file.

Game seed: 1055891958250780783

47 Ablot the Grasshopper (level 3, 0/46 HPs)
             Began as a Gnoll Warper on Mar 7, 2022.
             Succumbed to an adder's poison
             ... on level 2 of the Dungeon.
             The game lasted 00:01:24 (1338 turns).

Ablot the Grasshopper (Gnoll Warper)                Turns: 1338, Time: 00:01:24

Health: 0/46       AC: 21    Str: 12    XL:     3   Next: 70%
Magic:  9/9        EV:  2    Int: 12    God:
Gold:   85         SH:  0    Dex: 11    Spells: 10/12 levels left

rFire   . . .      SeeInvis .   a - +0 spear
rCold   . . .      Faith    .   (no shield)
rNeg    . . .      Spirit   .   (armour currently unavailable)
rPois   +          Reflect  .   (helmet currently unavailable)
rElec   .          Harm     .   (cloak currently unavailable)
rCorr   .          Rampage  .   (gloves currently unavailable)
Will    .....      NoTele   +   (boots currently unavailable)
Stlth   +.........              (no amulet)
HPRegen 0.15/turn               (no ring)
MPRegen 0.11/turn               (no ring)

@: lethally poisoned (0 -> -1), tree-form
A: stationary, stasis, torment immunity, boosted hp, (fangs 1), strong nose,
distributed training
a: no special abilities


You were on level 2 of the Dungeon.
You were a tree.
You visited 1 branch of the dungeon, and saw 2 of its levels.

You collected 85 gold pieces.

Inventory:

Hand Weapons
 a - a +0 spear (weapon)
Missiles
 d - 5 boomerangs of dispersal (quivered)
 e - 43 stones
 g - 13 bolts
 o - 4 poisoned darts
Armour
 b - a +0 leather armour (melded)
Scrolls
 c - 2 scrolls of blinking
 f - a scroll of teleportation {unknown}
 l - a scroll of identify {unknown}
Potions
 j - a potion of attraction {unknown}
 k - a potion of mutation {unknown}
 m - a potion of resistance {unknown}
 n - a potion of brilliance {unknown}


   Skills:
 + Level 4.5 Fighting
 + Level 0.9 Short Blades
 + Level 0.9 Long Blades
 + Level 0.9 Axes
 + Level 0.9 Maces & Flails
 + Level 4.5 Polearms
 + Level 0.9 Staves
 + Level 0.9 Slings
 + Level 0.9 Bows
 + Level 0.9 Crossbows
 + Level 2.6 Throwing
 + Level 2.6 Armour
 + Level 4.5 Dodging
 + Level 0.9 Stealth
 + Level 0.9 Shields
 + Level 0.9 Unarmed Combat
 + Level 5.0 Spellcasting
 + Level 0.6 Conjurations
 + Level 0.6 Hexes
 + Level 0.6 Summonings
 + Level 0.6 Necromancy
 + Level 5.4 Translocations
 + Level 0.6 Transmutations
 + Level 0.6 Fire Magic
 + Level 0.6 Ice Magic
 + Level 0.6 Air Magic
 + Level 0.6 Earth Magic
 + Level 0.6 Poison Magic
 + Level 1.0 Invocations
 + Level 0.9 Evocations


You had 10 spell levels left.
You knew the following spells:

 Your Spells              Type           Power      Damage    Failure   Level
a - Blink                 Tloc           32%        N/A       3%          2

Your spell library contained the following spells:

 Spells                   Type           Power      Damage    Failure   Level
 Gell's Gravitas          Tloc           16%        N/A       6%          3
 Lesser Beckoning         Tloc           16%        N/A       6%          3
 Teleport Other           Tloc           16%        N/A       6%          3
 Manifold Assault         Tloc           16%        N/A       52%         5


Dungeon Overview and Level Annotations

Branches:
Dungeon (2/15)

Altars:


Innate Abilities, Weirdness & Mutations

You are a tree.
Your roots penetrate the ground, keeping you stationary.
You cannot be teleported.
You are immune to unholy pain and torment.
Your maximum health is greatly increased.
Your equipment is partially melded.
((You have very sharp teeth.))
Your uncanny sense of smell can sniff out nearby items.
Your experience applies equally to all skills.


Message History

The adder barely misses you.
You hit the adder.
The adder is almost dead.
The adder bites you.
You are poisoned.
The adder poisons you!
You miss the adder.
The adder is almost dead.
You feel sick. The adder closely misses you. The adder bites you.
* * * LOW HITPOINT WARNING * * *
You are lethally poisoned!
The adder poisons you!
You closely miss the adder.
The adder is almost dead.
* * * LOW HITPOINT WARNING * * *
You feel sick. The adder misses you.
You miss the adder.
The adder is almost dead.
* * * LOW HITPOINT WARNING * * *
You feel sick. The adder closely misses you.
You barely miss the adder.
The adder is almost dead.
* * * LOW HITPOINT WARNING * * *
You feel sick. The adder bites you but does no damage.
You hit the adder.
You kill the adder!
* * * LOW HITPOINT WARNING * * *
You feel sick.
You closely miss the kobold.
* * * LOW HITPOINT WARNING * * *
You feel sick. The kobold closely misses you.
It was a potion of flight.
You feel very buoyant.
You fly up into the air.
* * * LOW HITPOINT WARNING * * *
You feel sick. The kobold hits you but does no damage.
It was a potion of lignification.
You turn into a tree.
Your +0 leather armour melds into your body.
Your roots penetrate the ground.
You die...

# #......)†...##
# ###.#.#####..#
#. #.#.# #<#..#
.# #.#.# #.# .#
### .### #.#.#
#.# # ... ..#
#.#.# #.# #..
#.# #.#.# #.#
##...#.#####.#.#
#.. ∆
#......K♣....#.#
###
#.$..#.#######
........#
##.#..### # ##.
#


You could see a kobold (strong).

Vanquished Creatures
  A gnoll (D:1)
  An adder (D:2)
  A dart slug (D:1)
  2 bats (D:1)
  3 endoplasms (D:1)
  A giant cockroach (D:1)
  4 jackals (D:1)
  4 kobolds
  2 ball pythons
  A frilled lizard (D:1)
  8 rats (D:1)
28 creatures vanquished.

Notes
Turn   | Place    | Note
-------+----------+-------------------------------------------
     0 | D:1      | Ablot the Gnoll Warper began the quest for the Orb.
     0 | D:1      | Reached XP level 1. HP: 20/20 MP: 6/6
   137 | D:1      | Found a faded altar of an unknown god.
   255 | D:1      | Reached XP level 2. HP: 17/26 MP: 7/7
   258 | D:1      | Learned a level 2 spell: Blink
   917 | D:1      | Reached XP level 3. HP: 29/31 MP: 9/9
   927 | D:1      | Reached skill level 5 in Spellcasting
  1294 | D:2      | Reached skill level 1 in Invocations
  1336 | D:2      | HP: 1/31 [poisoned by an adder]
  1338 | D:2      | Succumbed to an adder's poison

Illustrated notes

Levels and vault maps discovered:
D:1:      scummos_arrival_checkerplants, layout_basic,
          shapermc_ecumenical_altar_totnotflames, minmay_rat_gold_closets
D:2:      layout_loops_ring, uniq_natasha

Skill      XL: |  1  2  3 |
---------------+----------+-----
Spellcasting   | 5 |  5.0
Invocations    | 1 |  1.0
Fighting       | |  4.5
Short Blades   | |  0.9
Long Blades    | |  0.9
Axes           | |  0.9
Maces & Flails | |  0.9
Polearms       | |  4.5
Staves         | |  0.9
Slings         | |  0.9
Bows           | |  0.9
Crossbows      | |  0.9
Throwing       | |  2.6
Armour         | |  2.6
Dodging        | |  4.5
Stealth        | |  0.9
Shields        | |  0.9
Unarmed Combat | |  0.9
Conjurations   | |  0.6
Hexes          | |  0.6
Summonings     | |  0.6
Necromancy     | |  0.6
Translocations | |  5.4
Transmutations | |  0.6
Fire Magic     | |  0.6
Ice Magic      | |  0.6
Air Magic      | |  0.6
Earth Magic    | |  0.6
Poison Magic   | |  0.6
Evocations     | |  0.9

Action                   || total
-------------------------++-------
Melee: Spear             ||   109
       Bite              ||     5
       Punch             ||     3
  Use: Potion            ||     2
 Stab: Sleeping          ||     4
Armor: Leather armour    ||    19
Dodge: Dodged            ||    53
